 Dungeon Crawl Stone Soup version 0.28.0-53-g5a82cb258f (webtiles) character file.

Game seed: 11434971569645005518

73 nickcage the Gusty (level 4, -3/24 HPs)
             Began as a Deep Elf Air Elementalist on May 25, 2022.
             Killed by nerve-wracking pain
             ... invoked by Grinder
              (10 damage)
             ... on level 3 of the Dungeon.
             The game lasted 00:05:11 (2568 turns).

nickcage the Gusty (Deep Elf Air Elementalist)      Turns: 2568, Time: 00:05:12

Health: -3/24      AC:  2    Str:  5    XL:     4   Next: 8%
Magic:  5/11       EV: 12    Int: 22    God:
Gold:   78         SH:  0    Dex: 15    Spells: 2/10 levels left

rFire   . . .      SeeInvis .   d - +0 dagger
rCold   + . .      Faith    .   (no shield)
rNeg    . . .      Spirit   .   a - +0 robe
rPois   .          Reflect  .   (no helmet)
rElec   .          Harm     .   (no cloak)
rCorr   .          Rampage  .   (no gloves)
Will    .....                   (no boots)
Stlth   ++........              (no amulet)
HPRegen 0.08/turn               f - ring of protection from cold
MPRegen 0.12/turn               (no ring)

@: no status effects
A: no striking features
a: no special abilities


You were on level 3 of the Dungeon.
You visited 1 branch of the dungeon, and saw 3 of its levels.

You collected 78 gold pieces.

Inventory:

Hand Weapons
 d - a +0 dagger (weapon)
Armour
 a - a +0 robe (worn)
Jewellery
 b - a ring of protection from cold
 f - a ring of protection from cold (left hand)
Potions
 c - a potion of brilliance
 e - a potion of mutation
 g - a potion of curing {unknown}
 h - 2 potions of degeneration {unknown}


   Skills:
 - Level 2.4 Dodging
 - Level 2.4 Stealth
 + Level 3.6 Spellcasting
 - Level 2.0 Conjurations
 + Level 4.4 Air Magic


You had 2 spell levels left.
You knew the following spells:

 Your Spells              Type           Power      Damage    Failure   Level
a - Shock                 Conj/Air       72%        1d7       3%          1
b - Swiftness             Air            23%        N/A       5%          3
c - Airstrike             Air            11%        N/A       19%         4

Your spell library contained the following spells:

 Spells                   Type           Power      Damage    Failure   Level
 Static Discharge         Conj/Air       18%        N/A       4%          2


Dungeon Overview and Level Annotations

Branches:
Dungeon (3/15)

Altars:
Xom

Annotations:
D:3 Grinder


Message History

You finish memorising.
Spell assigned to 'c'.
You start resting.
Magic restored.
You see here a +0 halberd.
You see here a bat corpse.
Grinder shouts!
You hear a shout!
The zap misses Grinder.
The zap hits Grinder.
Grinder is lightly wounded.
The zap misses Grinder.
The zap misses Grinder.
Grinder barely misses you.
The zap hits Grinder.
Grinder is lightly wounded.
The zap hits Grinder.
Grinder is lightly wounded.
Grinder blinks!
The zap hits Grinder.
Grinder is lightly wounded.
Grinder gestures at you.
You suddenly lose the ability to move!
Grinder blinks!
You can move again.
The zap misses Grinder.
The zap misses Grinder.
The zap misses Grinder.
Grinder gestures at you. Pain shoots through your body!
Grinder gestures at you.
You barely resist. Grinder gestures at you. Pain shoots through your body!
* * * LOW HITPOINT WARNING * * *
Grinder gestures at you.
You suddenly lose the ability to move!
Grinder blinks!
You can move again.
Grinder gestures at you. Pain shoots through your body!
You die...

#............ #............ .. .
#............ ... ( #...##.######
.... .## #...##.###### ..#.# #.#
#...........# ........
#..ยง........#
..#.#.#.#############5....).....#
................@...............#
..#.#.#<##.....#######..........#
...............# #..........#
..#.#.#.##.....#######..........#
......#....)...........>.....#
#.#.#.##.....#######.##########
........#...).# #.. ..#.#
#.##.....# ### .... ...#.....#


You could see Grinder.

Vanquished Creatures
  A gnoll (D:3)
  An adder (D:2)
  A dart slug (D:1)
  3 ball pythons
  8 bats
  4 endoplasms
  A giant cockroach (D:1)
  7 goblins
  3 hobgoblins (D:1)
  7 kobolds
  2 quokkas
  6 frilled lizards
  6 rats
50 creatures vanquished.

Notes
Turn   | Place    | Note
-------+----------+-------------------------------------------
     0 | D:1      | nickcage the Deep Elf Air Elementalist began the quest for
                  | the Orb.
     0 | D:1      | Reached XP level 1. HP: 10/10 MP: 6/6
   446 | D:1      | Reached XP level 2. HP: 15/15 MP: 5/8
   816 | D:1      | Found a faded altar of an unknown god.
  1171 | D:1      | Reached XP level 3. HP: 19/19 MP: 7/9
  1431 | D:2      | Reached skill level 4 in Air Magic
  1435 | D:2      | Learned a level 3 spell: Swiftness
  1581 | D:2      | Found a shimmering altar of Xom.
  2456 | D:3      | Noticed Grinder
  2474 | D:3      | Reached XP level 4. HP: 24/24 MP: 4/11
  2479 | D:3      | Learned a level 4 spell: Airstrike
  2548 | D:3      | Paralysed by Grinder for 3 turns
  2564 | D:3      | Paralysed by Grinder for 3 turns
  2568 | D:3      | Killed from afar by Grinder

Illustrated notes

Levels and vault maps discovered:
D:1:      elethiomel_arrival_maze, layout_basic,
          shapermc_ecumenical_altar_mp_urbaneastern,
          chequers_serial_rivers_micro_d, minmay_pentomino_r4
D:2:      layout_loops_cross, basic_altar, grunt_ministairs_8
D:3:      layout_basic, st_stairs_12, uniq_grinder

Skill      XL: |  1  2  3 |
---------------+----------+-----
Conjurations   | 2 |  2.0
Air Magic      | 4 |  4.4
Dodging        | |  2.4
Stealth        | |  2.4
Spellcasting   | |  3.6

Action                   |  1- 3 |  4- 6 || total
-------------------------+-------+-------++-------
Melee: Dagger            |     2 |       ||     2
 Cast: Shock             |   104 |     9 ||   113
  Use: Scroll            |     2 |       ||     2
Armor: Robe              |     2 |       ||     2
Dodge: Dodged            |    11 |     1 ||    12
